 Dungeon Crawl Stone Soup version 0.25.0-1-g7eea58d2a3 (webtiles) character file.

Game seed: 1649497156053319549

41 Arctilankyr the Skirmisher (level 3, -4/29 HPs)
             Began as a Demonspawn Fighter on June 13, 2020.
             Slain by a gnoll
             ... wielding a +0 spear
              (9 damage)
             ... on level 2 of the Dungeon.
             The game lasted 00:07:17 (838 turns).

Arctilankyr the Skirmisher (Demonspawn Fighter)      Turns: 838, Time: 00:07:17

Health: -4/29      AC:  6    Str: 17    XL:     3   Next: 32%
Magic:  3/3        EV:  4    Int:  9    God:
Gold:   15         SH:  0    Dex: 12    Spells: 2/2 levels left

rFire    . . .     SeeInvis .   a - +0 war axe
rCold    . . .     Gourm    .   c - +0 kite shield
rNeg     . . .     Faith    .   b - +0 scale mail
rPois    .         Spirit   .   (no helmet)
rElec    .         Reflect  .   (no cloak)
rCorr    .         Harm     .   (no gloves)
MR       .....                  (no boots)
Stlth    ..........             (no amulet)
HPRegen  0.09/turn              (no ring)
MPRegen  0.08/turn              (no ring)

@: held
A: rot immunity
a: no special abilities


You were on level 2 of the Dungeon.
You were not hungry.

You visited 1 branch of the dungeon, and saw 2 of its levels.

You collected 15 gold pieces.

Inventory:

Hand Weapons
 a - a +0 war axe (weapon)
 n - a +0 whip of pain
Armour
 b - a +0 scale mail (worn)
 c - a +0 kite shield (worn)
 p - a +0 robe
Jewellery
 i - a cursed amulet of inaccuracy {unknown}
 o - an uncursed ring of see invisible {unknown}
Scrolls
 g - 2 scrolls of identify {unknown}
 k - a scroll of teleportation
Potions
 d - a potion of might
 e - a potion of lignification {unknown}
 h - a potion of mutation {unknown}
 j - a potion of degeneration {unknown}
 m - a potion of curing {unknown}
Comestibles
 f - 3 rations


   Skills:
 + Level 3.2 Fighting
 + Level 2.4 Axes
 + Level 2.8 Armour
 + Level 0.3 Dodging
 + Level 3.1 Shields


You had 2 spell levels left.
You didn't know any spells.
Your spell library was empty.

Dungeon Overview and Level Annotations

Branches:
Dungeon (2/15)

Altars:
Ashenzari


Innate Abilities, Weirdness & Mutations

You are immune to rotting.


Message History

The ooze quivers.
The ooze hits you but does no damage.
You slash the ooze!
The ooze is severely wounded.
The ooze barely misses you. You block the giant cockroach's attack.
The giant cockroach bites you but does no damage.
The gnoll throws a throwing net.
The throwing net hits you.
You become entangled in the net!
The gnoll hits you but does no damage.
The giant cockroach bites you but does no damage.
You see here a throwing net.
You struggle against the net.
The ooze hits you but does no damage.
The giant cockroach bites you but does no damage.
The gnoll hits you but does no damage. x2
You struggle against the net.
The ooze barely misses you. The giant cockroach bites you.
* * * LOW HITPOINT WARNING * * *
The gnoll barely misses you.
The gnoll hits you from afar with a +0 spear!
You die...

#.......... .... ..
.......######..##. # .
................. .. #
#.##.#.........##..## #
#.##s#.............. #
#.##.#.........##.###
####.##.#...[...........
.............ggsJ.......
####.##.#....gg.@###..##
####.##...######.#
.......#.## ....
####.#.._. .#.###
####...#.#. #.#.#
............ . ...
####...... .## #.# ....
#+# ###


You could see 4 gnolls, an ooze and a giant cockroach.

Vanquished Creatures
  An ooze (D:2)
  A dart slug (D:1)
  2 ball pythons (D:1)
  7 bats
  3 giant cockroaches
  2 goblins (D:1)
  8 hobgoblins
  3 frilled lizards (D:1)
  3 kobolds (D:1)
  2 rats (D:1)
32 creatures vanquished.

Notes
Turn   | Place    | Note
-------+----------+-------------------------------------------
     0 | D:1      | Arctilankyr the Demonspawn Fighter began the quest for the
                  | Orb.
     0 | D:1      | Reached XP level 1. HP: 18/18 MP: 1/1
   155 | D:1      | Gained mutation: You are immune to rotting. [demonic
                  | ancestry]
   155 | D:1      | Reached XP level 2. HP: 11/24 MP: 2/2
   596 | D:1      | Reached XP level 3. HP: 29/29 MP: 3/3
   824 | D:2      | Found a shattered altar of Ashenzari.
   838 | D:2      | Slain by a gnoll

Illustrated notes

Levels and vault maps discovered:
D:1:      dpeg_arrival_pond, layout_basic
D:2:      layout_basic, okawaru_metal_pillars_3, ashenzari_altar_1

Skill      XL: |  1  2 |
---------------+-------+-----
Axes           | 2 |  2.4
Shields        | 3 |  3.1
Fighting       | |  3.2
Armour         | |  2.8
Dodging        | |  0.3

Action                   || total
-------------------------++-------
Melee: War axe           ||    97
  Use: Scroll            ||     3
Armor: Scale mail        ||    47
Dodge: Dodged            ||    29
Block: Kite shield       ||    55
